 Dungeon Crawl Stone Soup version 0.18-a0-1718-g40ea4b6 (webtiles) character file.

130362 achirane the End of an Era (level 16, -11/154 HPs)
             Began as a Deep Dwarf Fighter on Apr 8, 2016.
             Was the Champion of Qazlal.
             Mangled by an enormous slime creature (52 damage)
             ... on level 1 of the Depths.
             The game lasted 04:24:27 (25117 turns).

achirane the End of an Era (Deep Dwarf Fighter)    Turns: 25117, Time: 04:24:27

Health: -11/154    AC: 41    Str: 21    XL:     16   Next: 52%
Magic:  16/16      EV: 10    Int:  8    God:    Qazlal [******]
Gold:   2337       SH: 18    Dex: 15    Spells: 0 memorised, 15 levels left

rFire  + + .     SeeInvis +     H - +9 short sword "Jonnosire" {freeze, *Contam +Blink rC+++ Stlth+}
rCold  + + .     Gourm    +     v - +6 chain mail of Gozag's Brutal Revenge {+Fly rF+ Int-4}
rNeg   + . .     Faith    .     U - +3 warlock's mirror {reflect}
rPois  .         Spirit   .     l - +2 helmet {SInv}
rElec  .         Dismiss  .     j - +0 cloak
rCorr  .         Reflect  +     b - +2 pair of gloves
SustAt .         Harm     .     z - +2 pair of boots
MR     ++...                    T - amulet of the gourmand {Gourm, !d}
Stlth  ..........               P - ring of Robustness {AC+8}
                                L - ring of fire {rF+, rC-}

@: protected from physical damage, non-regenerating, repel missiles, very
resistant to hostile enchantments, extremely unstealthy
A: damage resistance, recharge devices, blurry vision 1, negative energy
resistance 1, sense surroundings 2, slow regeneration 3
a: Device Recharging, Upheaval, Elemental Force, Disaster Area, Renounce
Religion, Evoke Blink, Evoke Flight


You were on level 1 of the Depths.
You worshipped Qazlal.
Qazlal was exalted by your worship.
You were very full.

You visited 5 branches of the dungeon, and saw 27 of its levels.
You also visited: Ossuary and Ice Cave.

You collected 3655 gold pieces.
You spent 1318 gold pieces at shops.

Inventory:

Hand Weapons
 n - a +0 blowgun
   (You took it off a kobold on level 3 of the Dungeon)
 H - the +9 short sword "Jonnosire" (weapon) {freeze, *Contam +Blink rC+++ Stlth+}
   (You found it on level 6 of the Dungeon)

   It has been specially enchanted to freeze those struck by it, causing extra
   injury to most foes and up to half again as much damage against particularly
   susceptible opponents.
   It can also slow down cold-blooded creatures.
   It renders you almost immune to cold.
   It lets you blink.
   It causes magical contamination when unequipped.
   It makes you more stealthy.
Missiles
 m - 73 poisoned needles
 C - 29 tomahawks (quivered)
 R - 12 curare-tipped needles
Armour
 b - a +2 pair of gloves (worn)
   (You bought it in a shop on level 2 of the Orcish Mines)
 j - a +0 cloak (worn)
   (You found it on level 2 of the Lair of Beasts)
 l - a +2 helmet of see invisible (worn)
   (You found it on level 1 of the Dungeon)
 v - the +6 chain mail of Gozag's Brutal Revenge (worn) {+Fly rF+ Int-4}
   (You bought it in a shop on level 2 of the Orcish Mines)

   It affects your intelligence (-4).
   It protects you from fire.
   It lets you fly.
 z - a +2 pair of boots (worn)
   (You found it on level 8 of the Lair of Beasts)
 N - the +0 helmet "Vuufy" {rN+++ MR- rCorr Str-2}
   (You found it on level 14 of the Dungeon)

   It affects your strength (-2).
   It renders you almost immune to negative energy.
   It affects your resistance to hostile enchantments.
   It protects you from acid and corrosion.
 U - the +3 warlock's mirror (worn) {reflect}
   (You found it on level 5 of the Lair of Beasts)
Jewellery
 s - the ring "Fuirphurch" {MP+9 SInv}
   (You bought it in a shop on level 10 of the Dungeon)

   [ring of magical power]

   It affects your magic capacity (+9).
   It lets you see invisible.
 B - a +5 ring of protection
   (You found it on level 5 of the Dungeon)
 J - an uncursed amulet of rage {+Rage, !d}
   (You found it on level 7 of the Lair of Beasts)
 L - a ring of fire (left hand) {rF+, rC-}
   (You found it on level 5 of the Lair of Beasts)
 P - the ring of Robustness (right hand) {AC+8}
   (You found it in an ice cave)

   [ring of protection]

   It affects your AC (+8).
 Q - the ring of Satisfaction {*Tele rF+ rN+ Str+3}
   (You found it in an ice cave)

   [ring of teleportation]

   It may teleport you next to monsters.
   It affects your strength (+3).
   It protects you from fire.
   It protects you from negative energy.
 T - an amulet of the gourmand (around neck) {Gourm, !d}
   (You found it in an ice cave)
 Y - an uncursed amulet of dismissal
   (You found it on level 10 of the Dungeon)
Wands
 e - a wand of heal wounds (1/9)
 o - a wand of flame (45/48)
   (You took it off a big kobold on level 12 of the Dungeon)
 u - a wand of disintegration (10/24)
   (You found it on level 2 of the Lair of Beasts)
 M - a wand of acid (10/15)
   (You found it on level 14 of the Dungeon)
 S - a wand of flame (29/48)
   (You found it on level 13 of the Dungeon)
 Z - a wand of digging (7/24)
   (You found it on level 10 of the Dungeon)
Scrolls
 g - 2 scrolls of enchant weapon
 h - 14 scrolls of remove curse
 p - 3 scrolls of magic mapping {!r}
 r - 4 scrolls of fog
 x - a scroll of summoning
 y - 4 scrolls of teleportation
 D - 2 scrolls of fear
 V - 2 scrolls of blinking {!r}
Potions
 c - 3 potions of cure mutation {!q}
 d - 3 potions of lignification {!q}
 q - a potion of haste
 t - a potion of magic
 A - a potion of agility
 E - a potion of flight
 F - 2 potions of invisibility
 I - 2 potions of heal wounds
 W - a potion of resistance
 X - 6 potions of might
Miscellaneous
 K - a phial of floods (inert)
   (You found it on level 14 of the Dungeon)
 O - a fan of gales
   (You found it on level 5 of the Lair of Beasts)
Comestibles
 a - 4 meat rations {@e2}
 f - 14 bread rations {@e1}
 i - a beef jerky
 G - 24 fruits


   Skills:
 + Level 12.6 Fighting
 - Level 13.0 Short Blades
   Level 10.0 Maces & Flails
 - Level 5.8 Throwing
 + Level 12.7 Armour
 + Level 3.7 Dodging
 + Level 12.5 Shields
 + Level 15.3 Invocations


You had 15 spell levels left.
You didn't know any spells.

Dungeon Overview and Level Annotations

Branches:
Dungeon (15/15)            Temple (1/1) D:6            Lair (8/8) D:8
  Swamp (0/4) Lair:6        Snake (0/4) Lair:3        Slime (0/6) Lair:7
    Orc (2/2) D:11            Elf (0/3) Orc:2        Vaults (0/5) D:13
 Depths (1/5) D:15

Altars:
Ashenzari
Dithmenos
Elyvilon
Fedhas
Gozag
Kikubaaqudgha
Makhleb
Nemelex Xobeh
Okawaru
Pakellas
Qazlal
Ru
Sif Muna
Trog
Xom
Zin
The Shining One
Beogh
Jiyva
Lugonu

Shops:
D:7 =   D:10 =   D:15 ?   Orc:2 ([[!

Portals:
Abyss: Depths:1

Annotations:
Lair:7 exclusions: 3 electric eels and 2 more exclusions


Innate Abilities, Weirdness & Mutations

You are resistant to damage.
You can recharge devices by infusing magical energy.
You resist negative energy.
You passively map the area around you.
You do not regenerate naturally.
Scrolls take you a little longer to read.


Message History

Zapping:
S - a wand of flame {zapped: 2} (will waste charges)
Press: ? - help, Shift-Dir - straight line, f/p - titan simulacrum
Aim: a titan simulacrum The puff of flame hits the titan simulacrum.
The titan simulacrum melts!
Evoking this partially-identified wand wasted a few charges.
You puncture the titan simulacrum!
You block the titan simulacrum's attack.
Evoke which item? (* to show all) (? for menu, Esc to quit)
Zapping:
S - a wand of flame {zapped: 5} (will waste charges)
Press: ? - help, Shift-Dir - straight line, f/p - titan simulacrum
Aim: a titan simulacrum The puff of flame hits the titan simulacrum.
The titan simulacrum melts!
The titan simulacrum vapourises!
Qazlal accepts your kill.
You hear a sizzling sound!
Evoking this partially-identified wand wasted a few charges.
You start waiting.
A slime creature comes into view.
A slime creature comes into view.
The slime creature quivers.
You block the slime creature's attack.
You puncture the slime creature! You freeze the slime creature.
The slime creature is moderately wounded.
You block the slime creature's attack.
Two slime creatures merge to form a large slime creature.
You puncture the large slime creature! You freeze the large slime creature.
The large slime creature is moderately wounded.
A slime creature comes into view.
The slime creature quivers.
You puncture the large slime creature! You freeze the large slime creature!
The large slime creature is heavily wounded.
You hit the large slime creature. You freeze the large slime creature.
The large slime creature is heavily wounded.
Two slime creatures merge to form a very large slime creature.
You puncture the very large slime creature!
You freeze the very large slime creature.
The very large slime creature is moderately wounded.
You block the very large slime creature's attack.
You hit the very large slime creature.
You freeze the very large slime creature.
The very large slime creature is moderately wounded.
You puncture the very large slime creature!
You freeze the very large slime creature.
The very large slime creature is heavily wounded.
You block the very large slime creature's attack.
You hit the very large slime creature.
You freeze the very large slime creature.
The very large slime creature is heavily wounded.
You puncture the very large slime creature!
You freeze the very large slime creature.
The very large slime creature is heavily wounded.
The very large slime creature hits you but does no damage.
You hit the very large slime creature.
You freeze the very large slime creature.
The very large slime creature is heavily wounded.
You puncture the very large slime creature!
You freeze the very large slime creature.
The very large slime creature is severely wounded.
The very large slime creature hits you!
* * * LOW HITPOINT WARNING * * *
You feel protected from physical attacks.
You take 2 damage, and have 41/154 hp.
You barely miss the very large slime creature.
The very large slime creature is severely wounded.
A slime creature comes into view.
You puncture the very large slime creature!
You freeze the very large slime creature.
The very large slime creature is severely wounded.
The very large slime creature hits you but does no damage.
You puncture the very large slime creature!
You freeze the very large slime creature.
The very large slime creature is severely wounded.
Two slime creatures merge to form an enormous slime creature.
You puncture the enormous slime creature!
You freeze the enormous slime creature.
The enormous slime creature is severely wounded.
You puncture the enormous slime creature!
You freeze the enormous slime creature.
The enormous slime creature is severely wounded.
You puncture the enormous slime creature!
You freeze the enormous slime creature.
The enormous slime creature is severely wounded.
The enormous slime creature barely misses you.
You puncture the enormous slime creature!
You freeze the enormous slime creature.
The enormous slime creature is severely wounded.
You puncture the enormous slime creature!
You freeze the enormous slime creature.
The enormous slime creature is almost dead.
You block the enormous slime creature's attack.
You puncture the enormous slime creature!
You freeze the enormous slime creature.
The enormous slime creature is almost dead.
You puncture the enormous slime creature!
You freeze the enormous slime creature.
The enormous slime creature is almost dead.
The enormous slime creature hits you!!!
You die...

* * ##+### #+#.## , ,, * **
#....###.#..# * ,
..##.##.<......# ,*
,*#.##.##.###...§## .....#*
*..##.##.##)# ##.#§§#
#..)..#..* .........[.# #.##.#
#.....#..# #+###.##.##.# #.##§#
#........# ....#.##.##.#
#.##§## #........*
....#.##.##.# #@##))# #......#
...)#.##.##.####J###.###......#
...)[)..)).....§§§...)('.....#*
....#.)))####.........##.....+
....####.# #######...##.§...#
..... #.# #...####.'##
####.###(# #...# ##..#
≈≈≈#.R)†.# #...# #...#
≈≈≈#O##)†# ##..###...#


You could see an enormous slime creature.

Vanquished Creatures
  A lich (Depths:1)
  An orc warlord (Orc:2)
  The ghost of PeterLawrence the Bludgeoner, a journeyman OgFi of Okawaru (Lair:3)
  The ghost of Ijustatesigmund the Unseen, a journeyman SpAs of Vehumet (Lair:3)
  2 ettins (Depths:1)
  4 fire dragons (Depths:1)
  A yaktaur captain (Depths:1)
  A vault guard (D:13)
  Josephine (D:12)
  8 hydras
  A great orb of eyes (Depths:1)
  A rakshasa (Depths:1)
  A hell beast (Depths:1)
  Fannar (D:10)
  3 ice dragons
  A centaur warrior (D:15)
  A death knight (D:15)
  An ogre mage (Depths:1)
  5 death yaks
  A vampire mage (Depths:1)
  A queen ant (Lair:6)
  2 orc high priests
  4 skeletal warriors (Depths:1)
  An unseen horror (D:12)
  4 wizards
  A giant orange brain (Depths:1)
  2 deep elf magi
  11 hill giants
  A necromancer (D:15)
  2 griffons
  6 orc sorcerers
  20 ugly things
  6 manticores
  4 cyclopes
  3 elephants (Lair:5)
  A rust devil (Depths:1)
  11 black mambas
  3 centaur zombies
  2 ice statues (IceCv)
  A naga mage (D:15)
  A torpor snail (Lair:5)
  11 spiny frogs
  A titan simulacrum (Depths:1)
  Psyche (D:9)
  4 orange demons (D:14)
  A rime drake (Lair:4)
  A kobold demonologist (D:12)
  A tengu conjurer (Depths:1)
  8 komodo dragons
  A freezing wraith (D:14)
  7 yaktaurs (Depths:1)
  A spriggan druid (Lair:8)
  7 trolls
  6 polar bears
  Grinder (D:7)
  2 slime creatures (Depths:1)
  2 two-headed ogres
  12 blink frogs
  2 boulder beetles
  The ghost of azaza322 the Shield-Bearer, an amateur GrFi (Ossuary)
  8 redbacks (Lair:8)
  A vampire (D:10)
  12 spriggans (Lair:8)
  2 shadows
  5 wyverns
  3 centaur simulacra (D:15)
  6 wraiths
  63 yaks
  21 humans (D:13)
  3 fire bats (Depths:1)
  A hungry ghost (D:8)
  5 basilisks
  8 hippogriffs
  14 vampire mosquitoes
  2 wargs (Orc:2)
  3 mottled dragons
  22 soldier ants
  19 water moccasins
  3 hell hounds
  18 ice beasts
  22 orc warriors
  3 sky beasts
  9 porcupines
  4 phantoms
  7 black bears
  2 necrophages
  7 wasps
  An eye of draining (Lair:7)
  10 ogres
  37 wolves
  7 centaurs
  16 crocodiles
  An elf zombie (Ossuary)
  A big kobold (D:12)
  14 giant frogs
  2 wyvern skeletons
  10 scorpions
  2 water moccasin skeletons
  45 killer bees
  3 wights (D:10)
  10 howler monkeys
  5 crimson imps
  2 quasits
  2 human zombies (Ossuary)
  4 giant frog skeletons
  A giant frog zombie (D:9)
  A hound (D:14)
  25 orc wizards
  18 orc priests
  3 jellies
  6 centaur skeletons
  5 iguanas
  6 hell rats (Lair:2)
  28 worker ants
  14 sheep
  3 big kobold zombies (Ossuary)
  4 hound zombies
  3 mummies (Ossuary)
  A worker ant zombie (D:6)
  A howler monkey zombie (D:6)
  A howler monkey skeleton (D:4)
  7 gnolls
  55 river rats
  13 adders
  3 shadow imps
  12 white imps (Lair:5)
  6 adder zombies
  An adder skeleton (D:5)
  2 worms
  4 dart slugs
  4 giant geckos
  124 orcs
  7 bats
  5 giant cockroaches
  2 gnoll zombies (Ossuary)
  3 goblins
  7 hobgoblins
  4 jackals (D:10)
  12 kobolds
  5 quokkas
  2 ball pythons (Lair:3)
  5 giant newts
  3 goblin zombies (Ossuary)
  3 hobgoblin zombies (Ossuary)
  3 jackal zombies (Ossuary)
  2 kobold zombies (Ossuary)
  4 quokka zombies (Ossuary)
  9 rats
  4 rat zombies (Ossuary)
  A bush (Lair:8)
  65 fungi
  34 plants
1170 creatures vanquished.

Vanquished Creatures (collateral kills)
  The ghost of PeterLawrence the Warrior, a journeyman MiFi of Okawaru (Lair:8)
  4 death yaks
  A skeletal warrior (Depths:1)
  A slime creature (Depths:1)
  A black bear (Lair:8)
  A wolf (Lair:8)
9 creatures vanquished.

Vanquished Creatures (others)
  3 centaurs
  A giant frog skeleton (D:6)
  A giant gecko (D:6)
  2 bushes (Lair:8)
  17 fungi
  13 plants
37 creatures vanquished.

Grand Total: 1216 creatures vanquished

Notes
Turn   | Place    | Note
--------------------------------------------------------------
     0 | D:1      | achirane the Deep Dwarf Fighter began the quest for the Orb.
     0 | D:1      | Reached XP level 1. HP: 20/20 MP: 1/1
   140 | D:1      | Reached XP level 2. HP: 27/27 MP: 2/2
   256 | D:1      | Reached skill level 3 in Maces & Flails
   927 | D:2      | Reached XP level 3. HP: 29/33 MP: 3/3
  1082 | D:2      | Reached skill level 4 in Maces & Flails
  1649 | D:3      | Reached XP level 4. HP: 27/40 MP: 4/4
  1790 | D:3      | Found a shattered altar of Ashenzari.
  1925 | D:3      | Found an ancient bone altar of Kikubaaqudgha.
  1925 | D:3      | Found a blossoming altar of Fedhas.
  1975 | D:3      | Reached skill level 5 in Maces & Flails
  2005 | D:3      | Found a deep blue altar of Sif Muna.
  2051 | D:3      | Noticed a phantom
  2152 | D:4      | Noticed Grinder
  2162 | D:4      | HP: 10/40 [Grinder/nerve-wracking pain (11)]
  2164 | D:4      | Paralysed by Grinder for 2 turns
  2170 | D:4      | HP: 9/40 [Grinder/nerve-wracking pain (11)]
  2189 | D:4      | Paralysed by Grinder for 7 turns
  2199 | D:4      | Paralysed by Grinder for 5 turns
  2398 | D:4      | HP: 6/40 [gnoll/spear (5)]
  2401 | D:4      | Reached XP level 5. HP: 39/46 MP: 5/5
  2483 | D:4      | HP: 9/46 [gnoll/spear (7)]
  2552 | D:4      | Found a sand-covered staircase.
  2559 | Ossuary  | Entered an ossuary
  2642 | Ossuary  | Reached skill level 6 in Maces & Flails
  2676 | Ossuary  | Noticed azaza322's ghost (amateur GrFi)
  2763 | Ossuary  | Reached XP level 6. HP: 18/55 MP: 6/6
  2849 | Ossuary  | Killed azaza322's ghost
  2849 | Ossuary  | Reached skill level 7 in Maces & Flails
  2898 | Ossuary  | Reached XP level 7. HP: 43/61 MP: 6/6
  2960 | Ossuary  | Reached skill level 8 in Maces & Flails
  3269 | D:4      | Found a white marble altar of Elyvilon.
  3459 | D:5      | Entered Level 5 of the Dungeon
  3564 | D:5      | HP: 11/61 [ice beast (11)]
  3599 | D:5      | Reached skill level 9 in Maces & Flails
  3709 | D:5      | HP: 14/61 [shadow imp (2)]
  3767 | D:5      | HP: 10/61 [quokka (1)]
  3962 | D:6      | Reached XP level 8. HP: 32/68 MP: 6/6
  4211 | D:6      | Reached skill level 10 in Maces & Flails
  4252 | D:6      | Got a slimy short sword
  4253 | D:6      | Identified the +9 short sword "Jonnosire" {freeze, *Contam +Blink rC+++ Stlth+} (You found it on level 6 of the Dungeon)
  4470 | D:6      | Found a staircase to the Ecumenical Temple.
  4484 | Temple   | Entered the Ecumenical Temple
  4582 | Temple   | Became a worshipper of Qazlal Stormbringer
  4637 | D:6      | Found a shadowy altar of Dithmenos.
  4865 | D:6      | Reached skill level 1 in Short Blades
  4949 | D:6      | Found a bloodstained altar of Trog.
  5102 | D:6      | Reached skill level 4 in Shields
  5171 | D:7      | Found Eheitz's Jewellery Shop.
  5195 | D:7      | Reached skill level 4 in Armour
  5263 | D:7      | Killed Grinder
  5263 | D:7      | Reached skill level 2 in Short Blades
  5422 | D:7      | Reached skill level 5 in Armour
  5422 | D:7      | Reached skill level 5 in Shields
  5530 | D:7      | Gained mutation: You passively map the area around you. [Deep Dwarf growth]
  5530 | D:7      | Reached XP level 9. HP: 34/74 MP: 7/7
  5836 | D:8      | Reached skill level 3 in Short Blades
  5919 | D:8      | Found a staircase to the Lair.
  5970 | D:8      | Found a deep blue altar of Sif Muna.
  6008 | D:8      | Found an oddly glowing altar of Pakellas.
  6058 | D:8      | Reached skill level 6 in Shields
  6079 | D:8      | Noticed a hill giant
  6089 | D:8      | HP: 18/74 [hill giant/giant club (25)]
  6093 | D:8      | Killed a hill giant
  6093 | D:8      | Reached skill level 4 in Short Blades
  6093 | D:8      | Reached skill level 6 in Armour
  6179 | D:8      | Reached skill level 7 in Shields
  6199 | D:8      | HP: 18/74 [killer bee (6)]
  6207 | D:8      | Reached * piety under Qazlal
  6269 | D:8      | HP: 13/74 [centaur (5)]
  6274 | D:8      | Reached skill level 7 in Armour
  6352 | D:8      | Found a shimmering altar of Xom.
  6352 | D:8      | Found a glowing golden altar of the Shining One.
  6443 | D:9      | Reached skill level 5 in Short Blades
  6529 | D:9      | Noticed Psyche
  6550 | D:9      | HP: 15/74 [Psyche/dagger of chaos (4)]
  6550 | D:9      | HP: 3/74 [Psyche/dagger of chaos (12)]
  6554 | D:9      | Killed Psyche
  6554 | D:9      | Reached XP level 10. HP: 46/82 MP: 6/6
  6609 | D:9      | Found a glowing silver altar of Zin.
  6609 | D:9      | Noticed an angel
  6610 | D:9      | Found a burning altar of Makhleb.
  6610 | D:9      | Noticed a cacodemon
  7013 | D:9      | Reached skill level 8 in Shields
  7040 | D:9      | Got a jewelled spear {speed}
  7301 | D:10     | Entered Level 10 of the Dungeon
  7346 | D:10     | Reached skill level 8 in Armour
  7362 | D:10     | Found Boboesatza's Jewellery Shop.
  7421 | D:10     | HP: 20/82 [wight/enchanted battleaxe (5)]
  7485 | D:10     | Noticed a hill giant
  7492 | D:10     | Killed a hill giant
  7492 | D:10     | Reached skill level 6 in Short Blades
  7517 | D:10     | Noticed a hill giant
  7525 | D:10     | Killed a hill giant
  7525 | D:10     | Reached skill level 9 in Shields
  7596 | D:10     | Reached ** piety under Qazlal
  7596 | D:10     | HP: 20/82 [shot self (9)]
  7614 | D:10     | HP: 11/82 [vampire/vampiric draining (10)]
  7619 | D:10     | Reached skill level 9 in Armour
  7818 | D:10     | Reached skill level 7 in Short Blades
  7916 | D:10     | Noticed a manticore
  7916 | D:10     | HP: 16/82 [manticore/volley of spikes (5)]
  7925 | D:10     | Killed a manticore
  7925 | D:10     | Reached XP level 11. HP: 51/88 MP: 6/6
  8050 | D:10     | Noticed Fannar
  8079 | D:10     | Killed Fannar
  8100 | D:10     | Reached skill level 10 in Shields
  8228 | D:10     | Gained mutation: You have a pair of small antennae on your head. [potion of beneficial mutation]
  8229 | D:10     | Lost mutation: You have a pair of small antennae on your head. [potion of cure mutation]
  8440 | D:11     | Noticed a deep elf mage
  8484 | D:11     | Noticed a hill giant
  8494 | D:10     | HP: 11/88 [hill giant/giant club (22)]
  8499 | D:10     | HP: 14/88 [hill giant/giant club (17)]
  8502 | D:10     | Killed a hill giant
  8521 | D:10     | HP: 20/88 [wyvern (10)]
  8525 | D:10     | Reached skill level 10 in Armour
  8649 | D:11     | Reached *** piety under Qazlal
  8688 | D:11     | Reached skill level 8 in Short Blades
  8769 | D:11     | HP: 19/88 [orc wizard/magic dart (4)]
  8807 | D:11     | Killed a deep elf mage
  8822 | D:11     | HP: 22/88 [burnt (5)]
  8827 | D:11     | HP: 7/88 [burnt (4)]
  8861 | D:11     | Noticed a cyan ugly thing
  8892 | D:11     | Killed a cyan ugly thing
  8974 | D:11     | Noticed a six-headed hydra
  8989 | D:11     | Killed a six-headed hydra
  8989 | D:11     | Reached skill level 11 in Shields
  8995 | D:11     | Reached skill level 11 in Armour
  9238 | D:11     | Reached **** piety under Qazlal
  9346 | D:11     | Found a staircase to the Orcish Mines.
  9387 | Orc:1    | Entered Level 1 of the Orcish Mines
  9387 | Orc:1    | Noticed an orc sorcerer
  9392 | Orc:1    | Noticed an orc high priest
  9398 | Orc:1    | Killed an orc sorcerer
  9398 | Orc:1    | Reached skill level 9 in Short Blades
  9407 | Orc:1    | Killed an orc high priest
  9407 | Orc:1    | Reached XP level 12. HP: 32/96 MP: 4/4
  9500 | Orc:2    | Entered Level 2 of the Orcish Mines
  9704 | Orc:2    | HP: 20/96 [orc warrior/war axe of venom (15)]
  9724 | Orc:2    | Noticed an orc high priest
  9732 | Orc:2    | Killed an orc high priest
  9747 | Orc:2    | Noticed an orc warlord
  9771 | Orc:2    | HP: 20/96 [warg[an orc warlord] (7)]
  9809 | Orc:2    | HP: 15/96 [orc priest/divine providence (12)]
  9883 | Orc:2    | Found a roughly hewn altar of Beogh.
  9933 | Orc:2    | Killed an orc warlord
  9946 | Orc:2    | Reached skill level 12 in Armour
 10051 | Orc:2    | Reached skill level 3 in Fighting
 10154 | Orc:2    | Paralysed by an orc sorcerer for 2 turns
 10158 | Orc:2    | HP: 13/97 [orc sorcerer/bolt of negative energy (16)]
 10223 | Orc:2    | Found a roughly hewn altar of Beogh.
 10228 | Orc:2    | Found Xeumaon's Antique Armour Emporium.
 10243 | Orc:2    | Bought a pair of embroidered gloves for 117 gold pieces
 10337 | Orc:2    | HP: 23/99 [warg (10)]
 10348 | Orc:2    | Reached skill level 4 in Fighting
 10381 | Orc:2    | Found a staircase to the Elven Halls.
 10399 | Orc:2    | Found a roughly hewn altar of Beogh.
 10607 | Orc:2    | Found Jeitwof's Antique Armour Shop.
 10608 | Orc:2    | Found a roughly hewn altar of Beogh.
 10611 | Orc:2    | Found Boilufie's Antique Weapon Boutique.
 10643 | Orc:2    | Bought a distressingly furry chain mail for 266 gold pieces
 10653 | Orc:2    | Identified the +6 chain mail of Gozag's Brutal Revenge {+Fly rF+ Int-4} (You bought it in a shop on level 2 of the Orcish Mines)
 10711 | Orc:2    | Reached skill level 10 in Short Blades
 10741 | Orc:2    | Found a roughly hewn altar of Beogh.
 10776 | Orc:2    | Found Muopsu Muwu's Distillery.
 10781 | Orc:2    | Bought a potion of might for 60 gold pieces
 10781 | Orc:2    | Bought a potion of heal wounds for 75 gold pieces
 10781 | Orc:2    | Bought a potion of might for 60 gold pieces
 10834 | Orc:2    | Bought a pitted ring mail for 252 gold pieces
 10844 | Orc:2    | Identified the +5 ring mail of the Realm of Zot {Slay+2} (You bought it in a shop on level 2 of the Orcish Mines)
 10924 | Orc:2    | Reached ***** piety under Qazlal
 10994 | Orc:1    | Reached skill level 5 in Fighting
 11134 | Orc:1    | HP: 19/103 [orc knight/broad axe (12)]
 11341 | D:10     | Bought the ring "Fuirphurch" {MP+9 SInv} for 436 gold pieces
 11389 | Lair:1   | Entered Level 1 of the Lair of Beasts
 11425 | Lair:1   | HP: 11/103 [komodo dragon (8)]
 11749 | Lair:1   | Reached skill level 6 in Fighting
 12070 | Lair:1   | Identified the Volume of the Chupacabra
 12510 | Lair:2   | Noticed a five-headed hydra
 12517 | Lair:2   | Killed a five-headed hydra
 12527 | Lair:2   | Reached XP level 13. HP: 65/114 MP: 1/4
 12682 | Lair:2   | Reached skill level 7 in Fighting
 13233 | Lair:3   | HP: 29/116 [black mamba (5)]
 13239 | Lair:3   | HP: 25/117 [black mamba (3)]
 13284 | Lair:3   | Noticed Ijustatesigmund's ghost (journeyman SpAs)
 13312 | Lair:3   | Reached skill level 8 in Fighting
 13316 | Lair:3   | Killed Ijustatesigmund's ghost
 13338 | Lair:3   | Found a staircase to the Snake Pit.
 13341 | Lair:3   | Noticed PeterLawrence's ghost (journeyman OgFi)
 13358 | Lair:3   | Killed PeterLawrence's ghost
 13358 | Lair:3   | Reached skill level 11 in Short Blades
 14082 | Lair:4   | Reached skill level 9 in Fighting
 14103 | Lair:4   | HP: 23/121 [rime drake/flash freeze (18)]
 14265 | Lair:4   | HP: 30/121 [spiny frog (10)]
 14765 | Lair:5   | Reached skill level 1 in Invocations
 14789 | Lair:5   | HP: 28/121 [elephant (2)]
 14799 | Lair:5   | Reached skill level 2 in Invocations
 14821 | Lair:5   | HP: 27/121 [eight-headed hydra (1)]
 14823 | Lair:5   | Reached skill level 3 in Invocations
 14859 | Lair:5   | HP: 26/121 [yak[a torpor snail] (7)]
 14876 | Lair:5   | Reached skill level 4 in Invocations
 14889 | Lair:5   | HP: 21/121 [yak (5)]
 14903 | Lair:5   | HP: 12/121 [blink frog (9)]
 14958 | Lair:5   | HP: 18/121 [boulder beetle (14)]
 15070 | Lair:5   | Reached skill level 5 in Invocations
 15079 | Lair:5   | Found a frozen archway.
 15133 | IceCv    | Entered an ice cave
 15341 | IceCv    | Reached skill level 12 in Short Blades
 15341 | IceCv    | Reached skill level 6 in Invocations
 15448 | IceCv    | Got a wavering turquoise ring
 15450 | IceCv    | Identified the ring of Satisfaction {*Tele rF+ rN+ Str+3} (You found it in an ice cave)
 15551 | IceCv    | Gained mutation: You resist negative energy. [Deep Dwarf growth]
 15551 | IceCv    | Reached XP level 14. HP: 54/129 MP: 8/8
 16302 | Lair:6   | Reached skill level 7 in Invocations
 16310 | Lair:6   | HP: 32/129 [six-headed hydra (10)]
 16533 | Lair:6   | Got a faintly glowing ring mail
 16578 | Lair:6   | Reached skill level 8 in Invocations
 16610 | Lair:6   | Identified the cursed +0 ring mail "Baelaav" {rElec MR+++ MP-9 Str-3} (You found it on level 6 of the Lair of Beasts)
 16980 | Lair:6   | Found a staircase to the Swamp.
 17481 | Lair:7   | Reached skill level 9 in Invocations
 17543 | Lair:7   | Found a staircase to the Slime Pits.
 17543 | Lair:7   | Found a viscous altar of Jiyva.
 17810 | Lair:7   | Reached skill level 13 in Short Blades
 18010 | Lair:7   | Reached skill level 10 in Invocations
 18515 | Lair:8   | Entered Level 8 of the Lair of Beasts
 18533 | Lair:8   | Noticed PeterLawrence's ghost (journeyman MiFi)
 18661 | Lair:8   | Reached skill level 10 in Fighting
 18671 | Lair:8   | Reached skill level 11 in Invocations
 18795 | Lair:8   | Killed PeterLawrence's ghost
 18978 | Lair:8   | HP: 26/133 [spriggan rider/spear (11)]
 19323 | Lair:8   | Reached skill level 12 in Invocations
 19409 | Lair:8   | Reached XP level 15. HP: 68/140 MP: 8/13
 20250 | D:12     | Reached skill level 1 in Throwing
 20287 | D:12     | Noticed Josephine
 20299 | D:12     | Killed Josephine
 20350 | D:12     | Reached ****** piety under Qazlal
 20412 | D:12     | Reached skill level 2 in Throwing
 20522 | D:12     | Reached skill level 11 in Fighting
 21363 | D:13     | Reached skill level 13 in Invocations
 21461 | D:13     | Reached skill level 3 in Throwing
 21602 | D:13     | Got a transparent rapier {pain}
 21609 | D:13     | Identified the +3 rapier of Xegu {pain, rN++ MR+ Int+4} (You took it off a human on level 13 of the Dungeon)
 21890 | D:13     | HP: 34/142 [seven-headed hydra (2)]
 21895 | D:13     | HP: 22/142 [seven-headed hydra (6)]
 21901 | D:13     | HP: 12/142 [seven-headed hydra (10)]
 22037 | D:13     | Found a gate to the Vaults.
 22216 | D:13     | Got a transparent falchion
 22256 | D:13     | Reached skill level 4 in Throwing
 22480 | D:13     | Identified the cursed +1 falchion of the Skies Above {speed, MR+ Int+2} (You found it on level 13 of the Dungeon)
 22524 | D:13     | Gained mutation: Scrolls take you a little longer to read. [mutagenic glow]
 23166 | D:14     | Got a heavily runed helmet
 23177 | D:14     | Identified the +0 helmet "Vuufy" {rN+++ MR- rCorr Str-2} (You found it on level 14 of the Dungeon)
 23382 | D:14     | Reached skill level 14 in Invocations
 23835 | D:15     | Entered Level 15 of the Dungeon
 23852 | D:15     | Reached skill level 5 in Throwing
 23895 | D:15     | Reached skill level 12 in Fighting
 24038 | D:15     | HP: 30/144 [death knight/enchanted great mace (13)]
 24068 | D:15     | Found a sparkling altar of Nemelex Xobeh.
 24170 | D:15     | HP: 32/144 [hill giant/giant spiked club (21)]
 24178 | D:15     | HP: 25/144 [manticore (7)]
 24184 | D:15     | Reached XP level 16. HP: 26/152 MP: 15/15
 24244 | D:15     | Found Popev's Magic Scroll Shop.
 24252 | D:15     | Bought a scroll of identify for 26 gold pieces
 24252 | D:15     | Bought a scroll of identify for 26 gold pieces
 24368 | D:15     | Found a staircase to the Depths.
 24494 | Depths:1 | Entered Level 1 of the Depths
 24501 | Depths:1 | Noticed a lich
 24509 | Depths:1 | Killed a lich
 24509 | Depths:1 | Reached skill level 1 in Dodging
 24509 | Depths:1 | Reached skill level 12 in Shields
 24590 | Depths:1 | HP: 33/152 [ice dragon/blast of cold (6)]
 24616 | Depths:1 | HP: 37/152 [ice dragon (3)]
 24630 | Depths:1 | Reached skill level 2 in Dodging
 24679 | Depths:1 | HP: 29/153 [fire dragon/blast of flame (8)]
 24714 | Depths:1 | Reached skill level 15 in Invocations
 24862 | Depths:1 | Reached skill level 3 in Dodging
 24935 | Depths:1 | Found a one-way gate to the infinite horrors of the Abyss.
 24936 | Depths:1 | Found a corrupted altar of Lugonu.
 24989 | Depths:1 | HP: 38/154 [titan simulacrum (10)]
 25000 | Depths:1 | HP: 27/154 [yaktaur captain (11)]
 25029 | Depths:1 | HP: 13/154 [skeletal warrior/short sword[a skeletal warrior] (14)]
 25041 | Depths:1 | HP: 26/154 [titan simulacrum (6)]
 25117 | Depths:1 | Mangled by an enormous slime creature

Vault maps used:
D:1:      dpeg_arrival_round_b, serial_bayou_pond_d
D:3:      grunt_temple_overflow_growth_and_decay, ashenzari_conservatory_becter,
          lemuel_blue_sif_altar
D:4:      minmay_door_path, marbit_many_paths, chequers_ossuary_entry_cave,
          grunt_decor_fettered, uniq_grinder
D:5:      first_bread
D:6:      nicolae_dithmenos_through_a_glass_darkly, lightli_temple_of_fire,
          minmay_temple_entry_grid, hangedman_abyss_or_decor_stabs, nrook_uturn,
          lemuel_old_faithful
D:7:      serial_shops, shop
D:8:      kennysheep_mini_moat, grunt_pakellas_mercury,
          gammafunk_temple_overflow_elements, minmay_lair_entry_lava
D:9:      grunt_temple_overflow_order_and_chaos_2, uniq_psyche
D:10:     serial_shops, nicolae_shop_crystal, uniq_fannar
D:11:     hiddenorc2_lemuel
D:12:     blue_anna_alchemist, hangedman_decor_opposing, uniq_josephine
D:13:     grunt_vaults_entry_tiered, minmay_large_rounded_square
D:14:     hangedman_decor_slide_cut, st_stairs_14, einodemon_barbed_minivault
D:15:     grunt_enter_depths_magical_seal, serial_shops, shop,
          minmay_misc_feat_x, basic_altar, minivault_25
Temple:   hc_temple_tempest_star
Lair:1:   st_stairs_11
Lair:3:   minmay_snake_entry_six_corridors
Lair:4:   beast_lair_carwin_11, grunt_megastairs_3
Lair:5:   portal_ice_cave_entry_imps, beast_lair_carwin_2
Lair:6:   swamp_mist_pool, minivault_29
Lair:7:   slime_altar_1, infiniplex_staircase_pool
Lair:8:   minmay_lair_end_enchanted_forest
Orc:2:    grunt_orc_community_town_hall, grunt_orc_community_big_house_2,
          grunt_orc_community_big_house_2, grunt_orc_community_house_3,
          grunt_orc_community_house_3, grunt_orc_community_house_2,
          grunt_orc_community_house_2, nicolae_orc_crystal_geode
Depths:1: enter_ziggurat_b, abyss_entry_flame_altar, grunt_mini_vestibule,
          basic_loot_grate_trap, minmay_misc_feat_pillars, serial_bayou_pond_b,
          xom_teletrap_fun
Ossuary:  minmay_ossuary_two_tombs
IceCv:    ice_cave_small_dragons

Skill      XL: |  1  2  3  4  5  6  7  8  9 10 11 12 13 14 15 16 |
---------------+-------------------------------------------------+-----
Maces & Flails | 3 4 5 6 7 9 10 | 10.0
Short Blades   | 2 5 7 9 10 12 13 | 13.0
Shields        | 5 7 9 11 12 | 12.5
Armour         | 5 7 9 11 12 | 12.7
Fighting       | 6 9 10 12 | 12.6
Invocations    | 6 12 14 15 | 15.3
Throwing       | 5 |  5.8
Dodging        | 3 |  3.7

Action                   |  1- 3 |  4- 6 |  7- 9 | 10-12 | 13-15 | 16-18 || total
-------------------------+-------+-------+-------+-------+-------+-------++-------
Melee: Flail             |   138 |   229 |   230 |       |       |       ||   597
       Short sword       |       |       |   211 |  1040 |  2629 |   364 ||  4244
       Rapier            |       |       |       |       |    85 |       ||    85
 Fire: Blowgun           |     3 |    26 |       |       |       |       ||    29
Throw: Tomahawk          |       |       |    17 |    52 |   174 |     3 ||   246
Invok: Upheaval          |       |       |       |    10 |    17 |     3 ||    30
       Elemental Force   |       |       |       |       |     5 |     1 ||     6
       Disaster Area     |       |       |       |       |       |     1 ||     1
 Abil: Device Recharging |       |     1 |     3 |     5 |     2 |       ||    11
       Evoke Blink       |       |       |       |     1 |       |     1 ||     2
       Evoke Flight      |       |       |       |       |     1 |       ||     1
Evoke: Wand              |       |     5 |    12 |    42 |    26 |    11 ||    96
       Fan of gales      |       |       |       |       |     2 |     1 ||     3
       Phial of floods   |       |       |       |       |       |     1 ||     1
  Use: Scroll            |       |     3 |     4 |    14 |    12 |     5 ||    38
       Potion            |       |     2 |     2 |     6 |     9 |       ||    19
 Stab: Invisible         |       |       |       |       |     8 |       ||     8
       Petrifying        |       |       |       |       |     4 |       ||     4
       Distracted        |       |       |       |       |     2 |       ||     2
  Eat: Chunk             |     3 |     3 |    12 |    21 |    52 |     8 ||    99
       Beef jerky        |       |       |     1 |       |       |       ||     1
       Fruit             |       |       |     1 |       |       |       ||     1

Vault maps used:
D:1:      dpeg_arrival_round_b, serial_bayou_pond_d
D:3:      grunt_temple_overflow_growth_and_decay, ashenzari_conservatory_becter,
          lemuel_blue_sif_altar
D:4:      minmay_door_path, marbit_many_paths, chequers_ossuary_entry_cave,
          grunt_decor_fettered, uniq_grinder
D:5:      first_bread
D:6:      nicolae_dithmenos_through_a_glass_darkly, lightli_temple_of_fire,
          minmay_temple_entry_grid, hangedman_abyss_or_decor_stabs, nrook_uturn,
          lemuel_old_faithful
D:7:      serial_shops, shop
D:8:      kennysheep_mini_moat, grunt_pakellas_mercury,
          gammafunk_temple_overflow_elements, minmay_lair_entry_lava
D:9:      grunt_temple_overflow_order_and_chaos_2, uniq_psyche
D:10:     serial_shops, nicolae_shop_crystal, uniq_fannar
D:11:     hiddenorc2_lemuel
D:12:     blue_anna_alchemist, hangedman_decor_opposing, uniq_josephine
D:13:     grunt_vaults_entry_tiered, minmay_large_rounded_square
D:14:     hangedman_decor_slide_cut, st_stairs_14, einodemon_barbed_minivault
D:15:     grunt_enter_depths_magical_seal, serial_shops, shop,
          minmay_misc_feat_x, basic_altar, minivault_25
Temple:   hc_temple_tempest_star
Lair:1:   st_stairs_11
Lair:3:   minmay_snake_entry_six_corridors
Lair:4:   beast_lair_carwin_11, grunt_megastairs_3
Lair:5:   portal_ice_cave_entry_imps, beast_lair_carwin_2
Lair:6:   swamp_mist_pool, minivault_29
Lair:7:   slime_altar_1, infiniplex_staircase_pool
Lair:8:   minmay_lair_end_enchanted_forest
Orc:2:    grunt_orc_community_town_hall, grunt_orc_community_big_house_2,
          grunt_orc_community_big_house_2, grunt_orc_community_house_3,
          grunt_orc_community_house_3, grunt_orc_community_house_2,
          grunt_orc_community_house_2, nicolae_orc_crystal_geode
Depths:1: enter_ziggurat_b, abyss_entry_flame_altar, grunt_mini_vestibule,
          basic_loot_grate_trap, minmay_misc_feat_pillars, serial_bayou_pond_b,
          xom_teletrap_fun
Ossuary:  minmay_ossuary_two_tombs
IceCv:    ice_cave_small_dragons

Table legend:
 A = Turns spent in this place as a percentage of turns spent in the entire game.
 B = Non-inter-level travel turns spent in this place as a percentage of non-inter-level travel turns spent in the entire game.
 C = Inter-level travel turns spent in this place as a percentage of turns spent in this place.
 D = Turns resting spent in this place as a percentage of non-inter-level travel turns spent in this place.
 E = Turns spent auto-exploring this place as a percentage of non-inter-level travel turns spent in this place.
 F = Non-inter-level travel turns spent in this place divided by the number of levels of this place that you've seen.
                   A       B       C       D       E      F
               +-------+-------+-------+-------+-------+----------------------
         Total | 100.0 | 100.0 |   0.5 |   0.6 |   4.7 | 373.8
       Dungeon |  46.0 |  45.9 |   0.5 |   1.0 |   6.1 | 331.9
        Temple |   0.1 |   0.1 |   6.7 |   0.0 |  35.7 |  14.0
          Lair |  31.3 |  31.3 |   0.5 |   0.1 |   4.6 | 424.4
  Orcish Mines |   9.7 |   9.7 |   0.6 |   0.8 |   3.3 | 527.5
        Depths |   4.7 |   4.8 |   0.0 |   0.4 |   1.6 | 515.0
       Ossuary |   4.7 |   4.7 |   0.0 |   0.0 |   0.0 | 510.0
      Ice Cave |   3.4 |   3.4 |   0.0 |   0.8 |   0.3 | 373.0
               +-------+-------+-------+-------+-------+----------------------

Table legend:
 A = Kills in this place as a percentage of kills in entire the game.
 B = Kills by you in this place as a percentage of kills by you in the entire game.
 C = Kills by friends in this place as a percentage of kills by friends in the entire game.
 D = Other kills in this place as a percentage of other kills in the entire game.
 E = Experience gained in this place as a percentage of experience gained in the entire game.
 F = Experience gained in this place divided by the number of levels of this place that you have seen.
                   A       B       C       D       E      F
               +-------+-------+-------+-------+-------+----------------------
         Total | 100.0 | 100.0 | 100.0 | 100.0 | 100.0 | 6421.8
       Dungeon |  44.5 |  44.8 |   0.0 | 100.0 |  37.2 | 4618.3
          Lair |  34.6 |  34.3 |  77.8 |   0.0 |  36.2 | 8415.9
  Orcish Mines |  10.6 |  10.7 |   0.0 |   0.0 |   6.3 | 5850.0
        Depths |   4.9 |   4.8 |  22.2 |   0.0 |  17.5 | 32565.0
       Ossuary |   3.6 |   3.6 |   0.0 |   0.0 |   0.4 | 673.0
      Ice Cave |   1.8 |   1.8 |   0.0 |   0.0 |   2.5 | 4693.0
               +-------+-------+-------+-------+-------+----------------------
